 Dungeon Crawl Stone Soup version 0.32-a0-995-gb4a59205af (webtiles) character file.

Game seed: 6699846403286783025

9 protoss039 the Digger (level 2, 20/20 HPs)
             Began as a Demonspawn Earth Elementalist on Apr 22, 2024.
             Got out of the dungeon alive.
             The game lasted 00:00:21 (483 turns).

protoss039 the Digger (DsEE)                         Turns: 483, Time: 00:00:21

Health: 20/20      AC:  2    Str:  8    XL:     2   Next: 3%
Magic:  5/5        EV: 11    Int: 15    God:
Gold:   32         SH:  0    Dex: 13    Spells: 4/5 levels left

rFire   . . .        c - +0 dagger
rCold   . . .        (no shield)
rNeg    . . .        a - +0 robe
rPois   .            (no helmet)
rElec   .            (no cloak)
rCorr   .            (no gloves)
SInv    .            (no boots)
Will    .....        (no amulet)
Stlth   ++           (no ring)
HPRegen 0.23/turn    (no ring)
MPRegen 0.09/turn

%: no passive effects
@: no status effects
A: weakness stinger 1
a: no special abilities


You escaped.
You visited 1 branch of the dungeon, and saw 1 of its levels.

You collected 32 gold pieces.

Inventory:

Hand Weapons
 c - a +0 dagger (weapon)
Armour
 a - a +0 robe (worn)
Jewellery
 f - an amulet of faith
Scrolls
 d - 2 scrolls of enchant armour {unknown}
 g - a scroll of noise {unknown}
 h - a scroll of revelation {unknown}
Potions
 b - a potion of magic
 e - 2 potions of curing {unknown}


   Skills:
 + Level 0.7 Fighting
 - Level 1.7 Dodging
 - Level 1.7 Stealth
 + Level 2.2 Spellcasting
 - Level 1.0 Conjurations
 + Level 2.9 Earth Magic


You had 4 spell levels left.
You knew the following spells:

 Your Spells              Type           Power      Damage    Failure   Level
a - Sandblast             Erth           20%        2d7       7%          1

Your spell library contained the following spells:

 Spells                   Type           Power      Damage    Failure   Level
 Passwall                 Erth           10%        N/A       21%         3
 Stone Arrow              Conj/Erth      14%        3d7       28%         3
 Brom's Barrelling Bould  Conj/Erth      7%         2d3       67%         4
 Petrify                  Alch/Erth      6%         N/A       75%         4


Dungeon Overview and Level Annotations

Branches:
Dungeon (1/15) Zot: 5514

Altars:


Innate Abilities, Weirdness & Mutations

You have a small tail.


Message History

The goblin shouts!
Casting: Sandblast (safe; 7% risk of failure)
Confirm with . or Enter, or press ? or * to list all spells.
Aiming: Sandblast (safe; 7% risk of failure)
Press: ? - help, Shift-Dir - straight line, f - goblin
Aim: a goblin, wielding a +0 club (77% to hit)
The blast of sand hits the goblin!
You kill the goblin!
Unknown command.
You see here a +0 club.
g - a scroll labelled NILUSI CIADU
Found 3 stones.
As you open the door, it creaks loudly!
There is an open door here.
You open the door.
There is an open door here.
A kobold comes into view. It is wielding a +0 whip.
A kobold is nearby!
A kobold is nearby!
Casting: Sandblast (safe; 7% risk of failure)
Confirm with . or Enter, or press ? or * to list all spells.
Aiming: Sandblast (safe; 7% risk of failure)
Press: ? - help, Shift-Dir - straight line, f - kobold
Aim: a kobold, wielding a +0 whip (asleep, 100% to hit)
The blast of sand hits the kobold.
You kill the kobold!
You have reached level 2!
Your demonic ancestry asserts itself...
You grow a small tail.
As you open the door, it creaks loudly!
There is an open door here.
You open the door.
There is an open door here.
h - a scroll labelled SIEVEKK FESK
There is an open door here.
There is an open door here.
You see here a stone.
There is a staircase leading out of the dungeon here.
There are no items here.
You have escaped!

# #..........#
##..... ##
#.#.######## ##>.....
.###.........#
###.......
.'.......##....
##.'.......
.###....#.#####
####.##....... ##
#....##...###
###...####...... #
##.######...###...###
##..... #.#
#.###.......## ##...#
#.###(#####.@.###
##...
#......##.......##
#..#
########(..###...###
#..#
##...#######...##
##..# ##.####
#..####.## ##....
#.## #..#..##.#
#..... #..#
#.....#..####...#
#######.#
#.##.............
###.......#
#.#####.######.##


There were no monsters in sight!

Vanquished Creatures
  An endoplasm (D:1)
  3 goblins (D:1)
  A quokka (D:1)
  2 kobolds (D:1)
7 creatures vanquished.

Notes
Turn   | Place    | Note
-------+----------+-------------------------------------------
     0 | D:1      | protoss039 the Demonspawn Earth Elementalist began the
                  | quest for the Orb.
     0 | D:1      | Reached XP level 1. HP: 13/13 MP: 3/3
   370 | D:1      | Gained mutation: You have a small tail. [demonic ancestry]
   370 | D:1      | Reached XP level 2. HP: 20/20 MP: 3/5
   483 | D:$      | Got out of the dungeon alive.

Illustrated notes

Levels and vault maps discovered:
D:1:      dpeg_arrival_simpleton_a, layout_loops_corners, grunt_decor_fettered

Action                     || total
---------------------------++-------
   Cast: Sandblast         ||     7

Table legend: (Time is in decaauts)
 A = Elapsed time spent in this place.
 B = Non-inter-level travel time spent in this place.
 C = Inter-level travel time spent in this place.
 D = Time resting spent in this place.
 E = Time spent auto-exploring this place.
 F = Levels seen in this place.
 G = Mean time per level.
                   A        B        C        D        E       F      G
               +--------+--------+--------+--------+--------+-----+--------+
         Total |    486 |    431 |     55 |      0 |    387 |   1 |  486.0 |
       Dungeon |    486 |    431 |     55 |      0 |    387 |   1 |  486.0 |
               +--------+--------+--------+--------+--------+-----+--------+

Top non-repeatable levels by time:
     D:1: 486 daAuts
